 Dungeon Crawl Stone Soup version 0.30.0 (webtiles) character file.

Game seed: 17396534389828386399

124 SnakkuSnakku7 the Firebug (level 4, -4/57 HPs)
             Began as a Draconian Cinder Acolyte on May 5, 2023.
             Was a High Priest of Ignis.
             Slain by a gnoll
             ... wielding a +0 club
              (7 damage)
             ... on level 3 of the Dungeon.
             The game lasted 00:04:39 (2505 turns).

SnakkuSnakku7 the Firebug (DrCA)                    Turns: 2505, Time: 00:04:40

Health: -4/57      AC: 22    Str: 16    XL:     4   Next: 81%
Magic:  2/5        EV:  2    Int: 15    God:    Ignis [*****.]
Gold:   188        SH:  7    Dex:  8    Spells: 3/5 levels left

rFire   + . .        a - +0 sling
rCold   . . .        m - +0 buckler
rNeg    . . .        (body armour unavailable)
rPois   +            (helmet currently unavailable)
rElec   .            (cloak currently unavailable)
rCorr   .            (gloves currently unavailable)
SInv    .            (boots currently unavailable)
Will    .....        e - amulet of reflection
Stlth   +            (no ring)
HPRegen 0.29/turn    (no ring)
MPRegen 0.09/turn

%: reflection
@: tree-form, rising
A: stationary, stasis, torment immunity, boosted hp, AC +5, unfitting armour,
(cold-blooded)
a: Renounce Religion, Fiery Armour, Foxfire Swarm


You were on level 3 of the Dungeon.
You worshipped Ignis.
Ignis was extremely pleased with you.
You were a tree.
You visited 1 branch of the dungeon, and saw 3 of its levels.

You collected 188 gold pieces.

Inventory:

Hand Weapons
 a - a +0 sling (weapon)
 b - a -1 falchion of flaming
Missiles
 f - 6 poisoned darts
 n - 6 javelins
 p - 2 throwing nets
Armour
 m - a +0 buckler (worn)
Jewellery
 e - an amulet of reflection (around neck)
Wands
 q - a wand of digging (5)
Scrolls
 g - a scroll of poison {unknown}
 h - 2 scrolls of vulnerability {unknown}
 o - a scroll of teleportation {unknown}
 r - a scroll of noise {unknown}
 s - a scroll of identify {unknown}
Potions
 c - a potion of degeneration {unknown}
 d - a potion of curing {unknown}
 i - a potion of heal wounds {unknown}
 j - a potion of brilliance {unknown}
 k - a potion of cancellation {unknown}
 l - a potion of magic {unknown}
 t - a potion of lignification
 u - a potion of ambrosia {unknown}


   Skills:
 - Level 3.2 Fighting
 - Level 3.0 Long Blades
 + Level 3.3 Ranged Weapons
 - Level 1.0 Spellcasting
 - Level 4.0 Fire Magic


You had 3 spell levels left.
You knew the following spells:

 Your Spells              Type           Power      Damage    Failure   Level
a - Scorch                Fire           24%        2d6       10%         2

Your spell library contained the following spells:

 Spells                   Type           Power      Damage    Failure   Level
 Petrify                  Tmut/Erth      0%         N/A       97%         4
 Metabolic Englaciation   Hex/Ice        0%         N/A       100%        5
 Statue Form              Tmut/Erth      0%         N/A       100%        6


Dungeon Overview and Level Annotations

Branches:
Dungeon (3/15)

Altars:
Cheibriados
Makhleb
Ru


Innate Abilities, Weirdness & Mutations

You are a tree.
Your roots penetrate the ground, keeping you stationary.
You cannot be teleported.
You are immune to unholy pain and torment.
Your maximum health is greatly increased.
Your equipment is partially melded.
((Your plain brown scales are hard. (AC +5)))
You cannot fit into any form of body armour.
((You are cold-blooded and may be slowed by cold attacks.))


Message History

You shoot a sling bullet. The sling bullet hits the gnoll.
The gnoll is almost dead.
The gnoll hits you with a +0 club.
The gnoll hits you from afar with a +0 spear.
The gnoll hits you with a +0 club.
The gnoll hits you from afar with a +0 spear.
Fire: a) +0 sling
Press: ? - help, Q - select action, (/) - cycle Shift-Dir - straight line, f/p - gnoll
Aim: a gnoll, wielding a +0 club (almost dead, more vulnerable to fire, 56% to hit)
You shoot a sling bullet.
The sling bullet hits the gnoll but does no damage.
The gnoll is almost dead.
The gnoll is no longer more vulnerable to fire.
The gnoll hits you with a +0 club.
The gnoll hits you from afar with a +0 spear.
* * * LOW HITPOINT WARNING * * *
Fire: a) +0 sling
Press: ? - help, Q - select action, (/) - cycle Shift-Dir - straight line, f/p - gnoll
Aim: a gnoll, wielding a +0 club (almost dead, 56% to hit)
You shoot a sling bullet.
The sling bullet hits the gnoll but does no damage.
The gnoll is almost dead.
The gnoll hits you with a +0 club.
* * * LOW HITPOINT WARNING * * *
The gnoll hits you but does no damage.
Casting: Scorch (safe; 10% risk of failure)
Confirm with . or Enter, or press ? or * to list all spells.
Flames lash the gnoll.
The gnoll is severely wounded.
The gnoll's fire resistance burns away.
The gnoll hits you with a +0 club!
* * * LOW HITPOINT WARNING * * *
The gnoll completely misses you.
Unknown command.
Okay, then.
It was a potion of lignification.
You turn into a tree.
Your roots penetrate the ground.
The gnoll hits you but does no damage.
The gnoll hits you from afar with a +0 spear.
* * * LOW HITPOINT WARNING * * *
You begin to rise into the air.
The gnoll hits you with a +0 club!
You die...

#.# ####.....######## #.## #.#
#...............# #.## #.#
#.##.....######.# #.#.
###.###.##....## #.# #..#
........##.....# #.# #.#.
###)..........#######.## #.## #
##########.###.......# #.## # #.#
#.####..# #... # #.# #♣# #...#
#### ## ##+###g# #...# [#
##...##g# #...# .### ##.....#g#
#.#.# .#.## #....g..g###.#.##
....####.##.gg##........#########
.......# #.....###...............
....####....8.g. ###....#########
.#.## ........g.g #.#.## #


You could see 3 gnolls and a hobgoblin.

Vanquished Creatures
  7 gnolls
  A worm (D:2)
  A dart slug (D:1)
  An orc (D:3)
  5 endoplasms
  3 giant cockroaches
  4 goblins (D:1)
  4 hobgoblins
  3 quokkas
  3 ball pythons (D:1)
  3 bats (D:1)
  5 frilled lizards
  7 kobolds
  3 rats (D:1)
50 creatures vanquished.

Notes
Turn   | Place    | Note
-------+----------+-------------------------------------------
     0 | D:1      | SnakkuSnakku7 the Draconian Cinder Acolyte began the quest
                  | for the Orb.
     0 | D:1      | Reached XP level 1. HP: 19/19 MP: 2/2
   107 | D:1      | Reached skill level 1 in Ranged Weapons
   203 | D:1      | Reached XP level 2. HP: 19/26 MP: 3/3
   251 | D:1      | Learned a level 2 spell: Scorch
   540 | D:1      | Reached XP level 3. HP: 31/31 MP: 4/4
   879 | D:2      | Found a faded altar of an unknown god.
   913 | D:2      | Found a sacrificial altar of Ru.
  1496 | D:2      | Reached XP level 4. HP: 38/38 MP: 0/5
  1674 | D:2      | Reached skill level 4 in Fire Magic
  1796 | D:3      | Found a snail-covered altar of Cheibriados.
  1800 | D:3      | Found a burning altar of Makhleb.
  2505 | D:3      | Slain by a gnoll

Illustrated notes

Levels and vault maps discovered:
D:1:      roderic_crop_circles_arrival_small, layout_basic
D:2:      layout_basic, basic_altar, ebering_ecumenical_altar_webs,
          columned_hall_lemuel
D:3:      layout_loops_corners, grunt_temple_overflow_open,
          minmay_misc_feat_encased, chequers_serial_rivers_micro_c,
          grunt_ministairs_12, st_stairs_8

Skill      XL: |  1  2  3  4 |
---------------+-------------+-----
Ranged Weapons | 1 2 3 |  3.3
Fire Magic     | 4 |  4.0
Fighting       | |  3.2
Long Blades    | |  3.0
Spellcasting   | |  1.0

Action                     |  1- 3 |  4- 6 || total
---------------------------+-------+-------++-------
  Melee: Falchion          |     5 |       ||     5
   Fire: Sling             |   169 |    38 ||   207
   Cast: Scorch            |    10 |     9 ||    19
 Invoke: Rising Flame      |       |     1 ||     1
    Use: Potion            |       |     1 ||     1
 Armour: Skin              |    29 |     4 ||    33
  Dodge: Dodged            |    59 |    10 ||    69
  Block: Other             |     1 |       ||     1
         Buckler           |     7 |    11 ||    18
         Reflection        |       |     1 ||     1
